 Dungeon Crawl Stone Soup version 0.31-a0-940-gdaa99269f9 (webtiles) character file.

Game seed: 11014219918454182003

77 MachoJfn the Trooper (level 4, -3/54 HPs)
             Began as a Demonspawn Berserker on Oct 20, 2023.
             Was a Believer of Trog.
             Slain by a gnoll
             ... wielding a +0 spear
              (4 damage)
             ... on level 2 of the Dungeon.
             The game lasted 00:03:08 (1319 turns).

MachoJfn the Trooper (Demonspawn Berserker)         Turns: 1319, Time: 00:03:09

Health: -3/54      AC:  5    Str: 19    XL:     4   Next: 13%
Magic:  4/4        EV: 11    Int:  9    God:    Trog [**....]
Gold:   43         SH:  0    Dex: 12    Spells: 3/3 levels left

rFire   . . .        a - +0 hand axe
rCold   . . .        (no shield)
rNeg    . . .        h - +0 ring mail
rPois   .            (no helmet)
rElec   .            (no cloak)
rCorr   .            (no gloves)
SInv    .            (no boots)
Will    .....        (no amulet) Stlth
                     (no ring)
HPRegen 0.29/turn    (no ring)
MPRegen 0.09/turn

%: no passive effects
@: berserking, very quick
A: weakness stinger 2
a: Renounce Religion, Berserk, Trog's Hand


You were on level 2 of the Dungeon.
You worshipped Trog.
Trog was pleased with you.
You visited 1 branch of the dungeon, and saw 2 of its levels.

You collected 43 gold pieces.

Inventory:

Hand Weapons
 a - a +0 hand axe (weapon)
Missiles
 b - 2 poisoned darts
 g - 9 stones
Armour
 h - a +0 ring mail (worn)
Scrolls
 c - a scroll of noise {unknown}
 e - a scroll of identify
 f - 2 scrolls of teleportation {unknown}
Potions
 d - a potion of degeneration


   Skills:
 + Level 3.6 Fighting
 + Level 3.5 Axes
 + Level 2.1 Armour
 + Level 2.3 Dodging
 + Level 0.5 Stealth


You had 3 spell levels left.
You didn't know any spells.
Your spell library was empty.

Dungeon Overview and Level Annotations

Branches:
Dungeon (2/15)

Altars:


Innate Abilities, Weirdness & Mutations

You have a tail ending in a sharp stinger.


Message History

You kill the gnoll!
Trog accepts your kill.
You closely miss the gnoll.
The gnoll hits you from afar with a +0 spear.
The gnoll misses you.
You have reached level 4!
You feel clever.
Okay, then.
The ball python attacks as it pursues you!
The ball python bites you but does no damage.
The ball python closely misses you. The gnoll attacks as it pursues you!
The gnoll hits you from afar with a +0 spear.
The ball python bites you. The ball python grabs you.
The ball python constricts you.
You barely miss the ball python.
The gnoll hits you from afar with a +0 spear.
The ball python bites you but does no damage.
The ball python constricts you.
You hit the ball python.
The ball python is moderately wounded.
The gnoll hits you but does no damage.
The ball python bites you but does no damage.
The ball python constricts you.
You barely miss the ball python. You tail-slap the ball python.
You kill the ball python!
Trog accepts your kill.
The gnoll hits you from afar with a +0 spear!
* * * LOW HITPOINT WARNING * * *
The gnoll misses you.
A red film seems to cover your vision as you go berserk!
You feel yourself moving faster!
You feel mighty! The gnoll hits you with a +0 flail!
* * * LOW HITPOINT WARNING * * *
The gnoll hits you from afar with a +0 spear.
* * * LOW HITPOINT WARNING * * *
You barely miss the gnoll. You closely miss the gnoll.
The gnoll hits you with a +0 flail.
* * * LOW HITPOINT WARNING * * *
The gnoll hits you from afar with a +0 spear.
You die...

##### ########## #....
#........# #....
###........# #....
#.'........# #....
###...†....#### #....
#...†........
#...g######.........###
+...gg@...'............
#...g######.........###
##########....<.......#
#........<.....##.#
######.##...#####.#
#######†##...#####.#
#...................
###....†.....#####.#
#................#


You could see 3 gnolls and a goblin.

Vanquished Creatures
  2 gnolls
  5 dart slugs
  3 ball pythons
  4 endoplasms (D:1)
  2 giant cockroaches
  2 hobgoblins
  5 jackals
  A kobold (D:1)
  A quokka (D:1)
  5 bats
  3 frilled lizards (D:1)
  6 goblins
  4 rats (D:1)
43 creatures vanquished.

Notes
Turn   | Place    | Note
-------+----------+-------------------------------------------
     0 | D:1      | MachoJfn the Demonspawn Berserker began the quest for the
                  | Orb.
     0 | D:1      | Reached XP level 1. HP: 18/18 MP: 1/1
    71 | D:1      | Gained mutation: You have a small tail. [demonic ancestry]
    71 | D:1      | Reached XP level 2. HP: 11/24 MP: 2/2
   304 | D:1      | Gained mutation: You have a tail ending in a sharp stinger.
                  | [demonic ancestry]
   304 | D:1      | Reached XP level 3. HP: 6/29 MP: 3/3
  1009 | D:1      | Reached ** piety under Trog
  1211 | D:2      | Found a faded altar of an unknown god.
  1313 | D:2      | Reached XP level 4. HP: 26/36 MP: 4/4
  1317 | D:2      | HP: 2/54 [gnoll/+0 spear (5)]
  1319 | D:2      | Slain by a gnoll

Illustrated notes

Levels and vault maps discovered:
D:1:      dpeg_arrival_round_b, layout_basic
D:2:      layout_basic, ebering_ecumenical_altar_rust

Skill      XL: |  1  2 |
---------------+-------+-----
Axes           | 3 |  3.5
Dodging        | 2 |  2.3
Armour         | 2 |  2.1
Fighting       | |  3.6
Stealth        | |  0.5

Action                     |  1- 3 |  4- 6 || total
---------------------------+-------+-------++-------
  Melee: Hand axe          |   117 |     5 ||   122
         Tailslap          |    14 |     1 ||    15
         Punch             |     2 |       ||     2
 Invoke: Berserk           |       |     1 ||     1
    Use: Scroll            |     1 |       ||     1
   Stab: Sleeping          |     1 |       ||     1
 Armour: Animal skin       |    64 |       ||    64
         Ring mail         |    21 |    12 ||    33
  Dodge: Dodged            |   101 |     2 ||   103

Table legend: (Time is in decaauts)
 A = Elapsed time spent in this place.
 B = Non-inter-level travel time spent in this place.
 C = Inter-level travel time spent in this place.
 D = Time resting spent in this place.
 E = Time spent auto-exploring this place.
 F = Levels seen in this place.
 G = Mean time per level.
                   A        B        C        D        E       F      G
               +--------+--------+--------+--------+--------+-----+--------+
         Total |   1336 |   1215 |    121 |     99 |    731 |   2 |  668.0 |
       Dungeon |   1336 |   1215 |    121 |     99 |    731 |   2 |  668.0 |
               +--------+--------+--------+--------+--------+-----+--------+

Top non-repeatable levels by time:
     D:1: 1181 daAuts
     D:2: 154 daAuts
